 Dungeon Crawl Stone Soup version 0.29-a0-1014-ga8c0faee3b (webtiles) character file.

Game seed: 9364838435635685440

864 2tc the Tainter (level 8, 0/46 HPs)
             Began as an Octopode Venom Mage on Aug 8, 2022.
             Was an Elder of Zin.
             Slain by a water moccasin (6 damage)
             ... on level 5 of the Dungeon.
             The game lasted 00:16:18 (5850 turns).

2tc the Tainter (Octopode Venom Mage)               Turns: 5850, Time: 00:16:19

Health: 0/46       AC:  1    Str:  9    XL:     8   Next: 3%
Magic:  11/11      EV: 13    Int: 18    God:    Zin [****..]
Gold:   248        SH:  0    Dex: 12    Spells: 4/11 levels left

rFire   . . .      SeeInvis .   f - +1 dagger
rCold   . . .      Faith    .   (no shield)
rNeg    . . .      Spirit   .   (helmet restricted)
rPois   .          Reflect  .   l - amulet of magic regeneration
rElec   .          Harm     .   m - ring of resist corrosion
rCorr   +          Rampage  .   r - ring of flight
Will    .....                   (no ring)
Stlth   ++........              (no ring)
HPRegen 0.15/turn               (no ring)
MPRegen 0.52/turn               (no ring)
                                (no ring)
                                (no ring)

@: confused, ambrosia-drunk, flying
A: almost no armour, amphibious, 8 rings, camouflage 1, gelatinous body 1,
(nimble swimmer 1), tentacles
a: Renounce Religion, Recite, Vitalisation, Imprison, Donate Gold


You were on level 5 of the Dungeon.
You worshipped Zin.
Zin was greatly pleased with you.
You visited 2 branches of the dungeon, and saw 6 of its levels.

You collected 275 gold pieces.
You donated 27 gold pieces to Zin.

Inventory:

Hand Weapons
 c - a +0 whip
 f - a +1 dagger (weapon)
 i - a +2 hand axe of venom
Jewellery
 l - an amulet of magic regeneration (around mantle)
 m - a ring of resist corrosion (left tentacle)
 r - a ring of flight (right tentacle)
Scrolls
 d - 2 scrolls of immolation
 n - 5 scrolls of teleportation
 q - a scroll of enchant armour
Potions
 a - a potion of magic
 b - a potion of berserk rage
 e - a potion of resistance {unknown}
 g - a potion of ambrosia
 h - 4 potions of curing
 j - a potion of invisibility {unknown}
 k - a potion of haste {unknown}
 o - 2 potions of brilliance
 p - a potion of flight {unknown}
 s - 2 potions of mutation {unknown}
 t - a potion of lignification {unknown}
 u - a potion of might {unknown}


   Skills:
 - Level 2.0 Dodging
 - Level 2.6 Stealth
 - Level 2.0 Spellcasting
 - Level 1.0 Transmutations
 - Level 4.0 Air Magic
 * Level 9.9 Poison Magic


You had 4 spell levels left.
You knew the following spells:

 Your Spells              Type           Power      Damage    Failure   Level
a - Sting                 Tmut/Pois      84%        1d7       1%          1
b - Poisonous Vapours     Pois/Air       52%        N/A       1%          2
c - Olgreb's Toxic Radia  Pois           37%        N/A       3%          4

Your spell library contained the following spells:

 Spells                   Type           Power      Damage    Failure   Level
 Mephitic Cloud           Conj/Pois/Air  18%        N/A       9%          3
 Apportation              Tloc           2%         N/A       19%         1
 Necrotise                Necr           4%         1d4       19%         1
 Summon Small Mammal      Summ           4%         N/A       19%         1
 Ensorcelled Hibernation  Hex/Ice        2%         N/A       26%         2
 Frozen Ramparts          Ice            2%         1d1       47%         3
 Ozocubu's Armour         Ice            1%         N/A       47%         3
 Iron Shot                Conj/Erth      0%         9d1       100%        6


Dungeon Overview and Level Annotations

Branches:
Dungeon (5/15)             Temple (1/1) D:4

Altars:
Okawaru
Qazlal
Xom
Zin

Annotations:
D:3 1 runed translucent door, Crazy Yiuf


Innate Abilities, Weirdness & Mutations

You cannot wear most types of armour.
You are amphibious.
You can wear up to eight rings at the same time.
Your skin changes colour to match your surroundings (Stealth+).
Your rubbery body absorbs attacks. (AC +1, EV +1)
((You are camouflaged when in or above water. (Stealth+)))
You have tentacles for arms and can constrict up to eight enemies at once.


Message History

You feel a bit more experienced. The water moccasin barely misses you.
You closely miss the water moccasin. Your grab misses the water moccasin.
The water moccasin closely misses you.
You barely miss the water moccasin. Your grab misses the water moccasin.
Your squeeze misses the water moccasin. The water moccasin bites you!
The water moccasin bites you.
You closely miss the water moccasin. You grab the water moccasin.
You squeeze the water moccasin.
The water moccasin is lightly wounded.
You constrict the water moccasin. The water moccasin bites you.
You hit the water moccasin.
You tentacle-slap the water moccasin, but do no damage.
Your squeeze misses the water moccasin.
The water moccasin is moderately wounded.
You constrict the water moccasin. The water moccasin closely misses you.
The sting hits the water moccasin.
The water moccasin partially resists.
The water moccasin is moderately wounded.
You constrict the water moccasin. The water moccasin bites you.
The water moccasin bites you!
You barely miss the water moccasin. You squeeze the water moccasin.
The water moccasin is heavily wounded.
You constrict the water moccasin. The water moccasin bites you!
* * * LOW HITPOINT WARNING * * *
You feel better.
You constrict the water moccasin. The water moccasin barely misses you.
The water moccasin bites you!
* * * LOW HITPOINT WARNING * * *
You are confused.
You feel invigorated.
You constrict the water moccasin. The water moccasin bites you.
* * * LOW HITPOINT WARNING * * *
You hit the water moccasin.
The water moccasin is severely wounded.
You constrict the water moccasin. The water moccasin bites you.
* * * LOW HITPOINT WARNING * * *
You bump into the rock wall.
You constrict the water moccasin. The water moccasin bites you.
* * * LOW HITPOINT WARNING * * *
An orc comes into view. It is wielding a +0 flail.
The water moccasin bites you.
You die...

####J.....##.# #.###.###
.............######.#...>..
#.#.####.............#.###
#....######.######..)#.###
.....# ##............... ...#
##.#.#####.#.###.#
#.###.###.###.#..###.#
..##.###o..S## ##...###†....#
.)....o...##@###.###.#..#####
..##$########.#.## ##........
#######.## #########
........# # #######.### #
..........# # #####.....## #
..........# # ####.....## #


You could see a water moccasin and an orc.

Vanquished Creatures
  Sigmund (D:5)
  A water moccasin (D:5)
  3 scorpions
  2 hounds
  3 jellies
  An orc priest (D:3)
  Ijyb (D:5)
  Natasha (thrice) (D:3)
  2 iguanas (D:4)
  2 adders
  A worm (D:2)
  5 dart slugs
  7 orcs
  4 ball pythons
  4 endoplasms
  4 giant cockroaches
  4 hobgoblins
  7 kobolds
  4 quokkas
  4 bats
  6 frilled lizards
  7 goblins
  4 rats
80 creatures vanquished.

Notes
Turn   | Place    | Note
-------+----------+-------------------------------------------
     0 | D:1      | 2tc the Octopode Venom Mage began the quest for the Orb.
     0 | D:1      | Reached XP level 1. HP: 11/11 MP: 3/3
   101 | D:1      | Reached skill level 4 in Poison Magic
   149 | D:1      | Found a faded altar of an unknown god.
   157 | D:1      | Prayed at the altar of an unknown god.
   157 | D:1      | Became a worshipper of Zin the Law-Giver
   157 | D:1      | Reached * piety under Zin
   434 | D:1      | Reached XP level 2. HP: 17/17 MP: 1/5
  1842 | D:2      | Reached XP level 3. HP: 21/21 MP: 4/6
  1852 | D:2      | Reached skill level 5 in Poison Magic
  1859 | D:2      | Learned a level 2 spell: Poisonous Vapours
  2074 | D:2      | Reached ** piety under Zin
  2457 | D:3      | Noticed Natasha
  2463 | D:3      | Killed Natasha
  2464 | D:3      | Reached XP level 4. HP: 8/27 MP: 4/7
  2467 | D:3      | Reached skill level 6 in Poison Magic
  2787 | D:3      | Found a shimmering altar of Xom.
  2790 | D:3      | Noticed Natasha
  2800 | D:3      | Killed Natasha
  2893 | D:3      | Noticed Natasha
  2903 | D:3      | Killed Natasha
  2904 | D:3      | Reached XP level 5. HP: 30/31 MP: 2/8
  3002 | D:3      | Reached *** piety under Zin
  3051 | D:3      | Found a stormy altar of Qazlal.
  3054 | D:3      | Reached skill level 7 in Poison Magic
  3621 | D:3      | Found a runed translucent door.
  3622 | D:3      | Noticed Crazy Yiuf
  3630 | D:3      | Learned a level 4 spell: Olgreb's Toxic Radiance
  3885 | D:4      | Reached XP level 6. HP: 29/36 MP: 7/9
  3991 | D:4      | Reached skill level 8 in Poison Magic
  4042 | D:4      | Found a staircase to the Ecumenical Temple.
  4051 | Temple   | Entered the Ecumenical Temple
  4585 | D:4      | Reached skill level 1 in Air Magic
  4821 | D:4      | Reached **** piety under Zin
  4844 | D:4      | Got the Teachings on Kinetic Hypothermia
  4875 | D:5      | Entered Level 5 of the Dungeon
  4940 | D:5      | Noticed Ijyb
  4968 | D:5      | Killed Ijyb
  5103 | D:5      | Noticed a water moccasin
  5112 | D:5      | Killed a water moccasin
  5113 | D:5      | Reached XP level 7. HP: 18/41 MP: 6/10
  5596 | D:5      | Reached skill level 9 in Poison Magic
  5830 | D:5      | Noticed Sigmund
  5836 | D:5      | Killed Sigmund
  5837 | D:5      | Reached XP level 8. HP: 46/46 MP: 3/11
  5849 | D:5      | HP: 2/46 [water moccasin (6)]
  5850 | D:5      | Slain by a water moccasin

Illustrated notes

Levels and vault maps discovered:
D:1:      dpeg_arrival_another_circle, layout_basic,
          ebering_ecumenical_altar_hall, interstate_on_off,
          amcnicky_mini_pool_small
D:2:      layout_basic
D:3:      layout_rooms, xom_teletrap_fun, lemuel_tele_altar,
          kennysheep_cross_bottleneck, uniq_crazy_yiuf_cottage, uniq_natasha
D:4:      layout_loops_ring, minmay_temple_entry_poolview, minmay_puff
D:5:      layout_loops_ring, zin_academy, uniq_ijyb, uniq_sigmund
Temple:   ebering_the_one_and_only

Skill      XL: |  1  2  3  4  5  6  7 |
---------------+----------------------+-----
Poison Magic   | 4 5 6 7 8 9 |  9.9
Air Magic      | 3 4 |  4.0
Dodging        | |  2.0
Stealth        | |  2.6
Spellcasting   | |  2.0
Transmutations | |  1.0

Action                   |  1- 3 |  4- 6 |  7- 9 || total
-------------------------+-------+-------+-------++-------
Melee: Whip              |    10 |       |       ||    10
       Constrict         |     4 |    20 |     3 ||    27
       Unarmed           |     1 |       |       ||     1
       Dagger            |    14 |    59 |    18 ||    91
       Tentacles         |     3 |    12 |     5 ||    20
       Punch             |       |     2 |     2 ||     4
 Cast: Sting             |    53 |    39 |     9 ||   101
       Poisonous Vapours |     1 |    22 |     4 ||    27
       Olgreb's Toxic Ra |       |       |     2 ||     2
  Use: Scroll            |    10 |     5 |     1 ||    16
       Potion            |       |       |     2 ||     2
 Stab: Sleeping          |     2 |     7 |     2 ||    11
Armor: Skin              |     1 |     4 |     1 ||     6
Dodge: Dodged            |    11 |    51 |    16 ||    78

Table legend: (Time is in decaauts)
 A = Elapsed time spent in this place.
 B = Non-inter-level travel time spent in this place.
 C = Inter-level travel time spent in this place.
 D = Time resting spent in this place.
 E = Time spent auto-exploring this place.
 F = Levels seen in this place.
 G = Mean time per level.
                   A        B        C        D        E       F      G
               +--------+--------+--------+--------+--------+-----+--------+
         Total |   5848 |   5765 |     83 |    778 |   4213 |   6 |  974.7 |
       Dungeon |   5842 |   5759 |     83 |    778 |   4213 |   5 | 1168.4 |
        Temple |      5 |      5 |      0 |      0 |      0 |   1 |    5.0 |
               +--------+--------+--------+--------+--------+-----+--------+

Top non-repeatable levels by time:
     D:1: 1449 daAuts
     D:4: 1227 daAuts
     D:3: 1185 daAuts
     D:2: 1006 daAuts
     D:5: 974 daAuts
  Temple: 5 daAuts
